 Dungeon Crawl Stone Soup version 0.31-a0-188-g5e087ee2ca (webtiles) character file.

Game seed: 14024905238076973776

65 qw the Shooter (level 3, 0/20 HPs)
             Began as a Deep Elf Hunter on June 23, 2023.
             Slain by a goblin
             ... wielding a +0 club
              (1 damage)
             ... on level 2 of the Dungeon.
             The game lasted 00:00:31 (1542 turns).

qw the Shooter (Deep Elf Hunter)                    Turns: 1542, Time: 00:00:32

Health: 0/20       AC:  3    Str: 10    XL:     3   Next: 94%
Magic:  5/5        EV: 12    Int: 13    God:
Gold:   94         SH:  0    Dex: 18    Spells: 2/2 levels left

rFire   . . .        Y - +0 shortbow
rCold   . . .        (shield currently unavailable)
rNeg    . . .        c - +0 leather armour
rPois   .            (no helmet)
rElec   .            (no cloak)
rCorr   .            (no gloves)
SInv    .            (no boots)
Will    .....        (no amulet)
Stlth   ++           (no ring)
HPRegen 0.23/turn    (no ring)
MPRegen 0.09/turn

%: no passive effects
@: no status effects
A: no striking features
a: no special abilities


You were on level 2 of the Dungeon.
You visited 1 branch of the dungeon, and saw 2 of its levels.

You collected 94 gold pieces.


   Skills:
 - Level 1.5 Fighting
 + Level 7.4 Ranged Weapons
 - Level 2.4 Dodging
 - Level 1.2 Stealth


You had 2 spell levels left.
You didn't know any spells.
Your spell library was empty.

Inventory:

Hand Weapons
 Y - a +0 shortbow (weapon)
Armour
 b - a +0 ring mail
 c - a +0 leather armour (worn)
Potions
 a - a potion of lignification {unknown}

Dungeon Overview and Level Annotations

Branches:
Dungeon (2/15)

Altars:

Shops:
D:1 (


Message History

The goblin closely misses you. The hobgoblin hits you.
You shoot an arrow. The arrow closely misses the hobgoblin.
The hobgoblin closely misses you.
The hobgoblin hits you but does no damage.
The goblin hits you but does no damage.
You shoot an arrow.
The arrow hits the hobgoblin but does no damage.
The hobgoblin is almost dead.
The hobgoblin barely misses you. The goblin hits you with a +0 dagger.
The hobgoblin barely misses you.
You shoot an arrow. The arrow hits the hobgoblin!
You kill the hobgoblin!
The goblin closely misses you. The hobgoblin barely misses you.
You shoot an arrow. The arrow closely misses the hobgoblin.
The arrow hits the hobgoblin.
The hobgoblin is moderately wounded.
The goblin misses you. The hobgoblin closely misses you.
You shoot an arrow. The arrow hits the hobgoblin.
The hobgoblin is heavily wounded.
The goblin closely misses you.
You shoot an arrow. The arrow hits the hobgoblin.
The hobgoblin is almost dead.
The goblin hits you but does no damage. The hobgoblin hits you.
You shoot an arrow.
The arrow hits the hobgoblin but does no damage.
The hobgoblin is almost dead.
The hobgoblin barely misses you. The goblin hits you with a +0 dagger.
The hobgoblin completely misses you.
You shoot an arrow. The arrow hits the hobgoblin.
You kill the hobgoblin!
The hobgoblin hits you. The goblin hits you with a +0 dagger.
You shoot an arrow. The arrow hits the hobgoblin.
The hobgoblin is severely wounded.
The goblin hits you with a +0 dagger.
You shoot an arrow. The arrow closely misses the hobgoblin.
The hobgoblin closely misses you. The goblin misses you.
The goblin closely misses you.
You shoot an arrow. The arrow closely misses the hobgoblin.
The hobgoblin misses you. The goblin hits you with a +0 club.
You die...

.###.....#.##..# #......#
.##........#.#.## #.#.##.#
.##..###.#......######.#.##.#
%........#..###..........##.#
.........#.## ##...#####.##.#
..[..###...#. #...## #.##.#
####.##%.####' ###..####.##.#
#.##.## #..g#g##......##.#
####.##.# +.ggg@.'...>...#.#
...)....##
#..g#g##.......#.##
)###.##..####'
###...##.#.#).# ...........#.
#...#.# .#.##.# ####.......##
##.###.## #.##.#
#######..###..# #.##.#.##.#
#######.....####.##.#.##.#
#........................# ##
#.########....##.####.####


You could see 3 hobgoblins and 4 goblins.

Vanquished Creatures
  An adder (D:2)
  2 dart slugs
  8 ball pythons
  2 endoplasms
  3 giant cockroaches (D:1)
  A goblin (D:2)
  10 hobgoblins
  2 jackals (D:1)
  A quokka (D:1)
  5 bats
  5 frilled lizards
  4 kobolds
  7 rats
51 creatures vanquished.

Notes
Turn   | Place    | Note
-------+----------+-------------------------------------------
     0 | D:1      | qw the Deep Elf Hunter began the quest for the Orb.
     0 | D:1      | Reached XP level 1. HP: 12/12 MP: 3/3
     0 | D:1      | 0 ||| qw: Version: 0.3-a-9-g12657ce
     0 | D:1      | 0 ||| qw: Game counter: 3900
     0 | D:1      | 0 ||| qw: Always use a shield: true
     0 | D:1      | 0 ||| qw: God list: Okawaru
     0 | D:1      | 0 ||| qw: Allow faded altars: false
     0 | D:1      | 0 ||| qw: Do Orc after D:15 true
     0 | D:1      | 0 ||| qw: Do second Lair branch before Depths: true
     0 | D:1      | 0 ||| qw: Lair rune preference: random
     0 | D:1      | 0 ||| qw: Plans: Normal
     0 | D:1      | 0 ||| PLANNING D:1-11
   213 | D:1      | Reached XP level 2. HP: 16/16 MP: 4/4
   215 | D:1      | Reached skill level 6 in Ranged Weapons
   243 | D:1      | Noticed a +0 executioner's axe
   260 | D:1      | Found Ibrina's Weapon Boutique.
   261 | D:1      | 261 ||| READING scroll labelled OCE PENAFA.
   262 | D:1      | 262 ||| READING scroll labelled HERIAN KANWO.
   263 | D:1      | 263 ||| DROPPING scroll of butterflies.
   267 | D:1      | Noticed a +0 great mace
   276 | D:1      | 276 ||| SHOPLISTING +9 sling of Owuorit {freeze, rC+} (678
                  | gold, have 0).
   324 | D:1      | You fall into a shaft and drop 1 floor!
   358 | D:2      | 358 ||| FLEEEEING.
   359 | D:2      | 359 ||| FLEEEEING.
   360 | D:2      | 360 ||| STAIRDANCE
   521 | D:1      | Reached XP level 3. HP: 20/20 MP: 5/5
   951 | D:1      | 951 ||| DROPPING amulet of magic regeneration.
   952 | D:1      | 952 ||| READING scroll labelled GUTUID FIOQO.
  1019 | D:2      | Reached skill level 7 in Ranged Weapons
  1539 | D:2      | HP: 4/20 [hobgoblin (2)]
  1540 | D:2      | HP: 1/20 [goblin/+0 dagger (3)]
  1542 | D:2      | Slain by a goblin

Levels and vault maps discovered:
D:1:      sevenhm_arrival_forest_fort_large_2, layout_loops_corners,
          serial_shops, nicolae_shop_mannequins
D:2:      cheibrodos_greedy_goblins, layout_loops_ring

Skill      XL: |  1  2  3 |
---------------+----------+-----
Ranged Weapons | 6 7 |  7.4
Fighting       | |  1.5
Dodging        | |  2.4
Stealth        | |  1.2

Action                     || total
---------------------------++-------
   Fire: Shortbow          ||   119
    Use: Scroll            ||     3
 Armour: Leather armour    ||     7
  Dodge: Dodged            ||    32

Table legend:
 A = Non-vault XP
 B = Vault XP
 C = Vault XP percentage of total XP
 D = Non-vault monster count
 E = Vault monster count
 F = Vault count percentage of total count
                 A         B        C        D         E       F
            +---------+---------+-------+---------+---------+-------
      Total |      86 |       8 |   8.5 |      47 |       4 |   7.8
            +---------+---------+-------+---------+---------+-------
        D:1 |      50 |       0 |   0.0 |      31 |       0 |   0.0
        D:2 |      36 |       8 |  18.2 |      16 |       4 |  20.0
            +---------+---------+-------+---------+---------+-------
